 Dungeon Sprint DCSS version 0.18-a0-1171-ga8e22e7 (webtiles) character file.

16669 Kidiri the Eclecticist (level 12, -5/59 HPs)
             Began as a Deep Elf Air Elementalist on Jan 26, 2016.
             Was the Champion of Vehumet.
             Slain by an alligator (12 damage)
             ... called by a spriggan druid
             ... called by a spriggan druid
             ... in the Dungeon (Sprint VII: "The Pits").
             The game lasted 00:27:29 (4937 turns).

Kidiri the Eclecticist (Deep Elf Air Elementalist)  Turns: 4937, Time: 00:27:29

Health: -5/59      AC: 12    Str: 10    XL:     12   Next: 12%
Magic:  3/35       EV: 25    Int: 26    God:    Vehumet [******]
Gold:   26         SH:  8    Dex: 18    Spells: 10 memorised, 7 levels left

rFire  . . .     SeeInvis .     x - +2 rapier "Caveokos" {flame, Str+5}
rCold  . . .     Gourm    .     e - +2 leather armour
rNeg   . . .     Faith    .     y - +2 buckler
rPois  .         Spirit   .     (helmet restricted)
rElec  .         Dismiss  .     w - +2 cloak
rCorr  .         Reflect  .     v - +2 pair of gloves
SustAt .         Harm     .     (no boots)
MR     +....     NoTele   +     (no amulet)
Stlth  +++++.....               r - +3 ring of evasion
                                q - +3 ring of dexterity

@: sluggish, repel missiles, very slow, somewhat resistant to hostile
enchantments, quite stealthy
A: antennae 1
a: Renounce Religion


You were in the Dungeon.
You worshipped Vehumet.
Vehumet was exalted by your worship.
You were not hungry.

You visited 1 branch You collected 26 gold pieces.

Inventory:

Hand Weapons
 x - the +2 rapier "Caveokos" (weapon) {flame, Str+5}
   (You found it in the Dungeon)

   It has been specially enchanted to burn those struck by it, causing extra
   injury to most foes and up to half again as much damage against particularly
   susceptible opponents.
   It affects your strength (+5).
Armour
 e - a +2 leather armour (worn)
 v - a +2 pair of gloves (worn)
 w - a +2 cloak (worn)
 y - a +2 buckler (worn)
Jewellery
 q - a +3 ring of dexterity (left hand)
 r - a +3 ring of evasion (right hand)
 E - an uncursed ring of ice
 F - an uncursed ring of protection from fire
Wands
 D - a wand of flame (13/48)
Scrolls
 i - a scroll of blinking
 j - 4 scrolls of enchant weapon
 n - 4 scrolls of remove curse
 o - 6 scrolls of amnesia
 p - a scroll of summoning
Potions
 d - 6 potions of curing
 f - 2 potions of haste
 h - 3 potions of berserk rage
 m - 2 potions of invisibility
 t - 2 potions of agility
 u - 2 potions of brilliance
 z - a potion of resistance
 A - a potion of heal wounds
Books
 b - a book of Air

   Spells                             Type                      Level
   a - Shock                          Conjuration/Air              1
   b - Swiftness                      Charms/Air                   2
   c - Repel Missiles                 Charms/Air                   2
   d - Static Discharge               Conjuration/Air              3
   e - Lightning Bolt                 Conjuration/Air              5
Comestibles
 c - 5 bread rations
 k - 40 fruits
 l - 5 meat rations
 C - a slice of pizza


   Skills:
 + Level 5.5 Armour
 * Level 14.0 Dodging
 + Level 12.6 Stealth
 + Level 5.5 Shields
 * Level 17.0 Spellcasting
 * Level 12.6 Conjurations
 + Level 12.9 Charms
 + Level 10.1 Fire Magic
 + Level 12.2 Air Magic
 + Level 7.3 Poison Magic


You had 7 spell levels left.
You knew the following spells:

 Your Spells              Type           Power        Failure   Level  Hunger
a - Shock                 Conj/Air       ####         1%          1    None
b - Repel Missiles        Chrm/Air       ######       1%          2    None
c - Swiftness             Chrm/Air       ######..     1%          2    None
d - Static Discharge      Conj/Air       ######..     1%          3    None
e - Conjure Flame         Conj/Fire      ######..     1%          3    None
f - Airstrike             Air            ######....   1%          4    None
g - Lightning Bolt        Conj/Air       ######....   1%          5    None
h - Fireball              Conj/Fire      ######....   1%          5    None
i - Poisonous Cloud       Conj/Pois/Air  ######....   1%          6    ###....
j - Orb of Destruction    Conj           ######....   4%          7    #####..


Dungeon Overview and Level Annotations

Branches:
Dungeon (1/1)

Altars:
Ashenzari
Cheibriados
Dithmenos
Elyvilon
Fedhas
Gozag
Kikubaaqudgha
Makhleb
Nemelex Xobeh
Okawaru
Pakellas
Qazlal
Ru
Sif Muna
Trog
Vehumet
Xom
Yredelemnul
Zin
The Shining One
Beogh
Jiyva
Lugonu


Innate Abilities, Weirdness & Mutations

You have a pair of small antennae on your head.


Message History

The spriggan druid completely misses you.
The alligator puts on a burst of speed!
Unknown command.
The spriggan druid hits you with a quarterstaff!
* * * LOW HITPOINT WARNING * * *
The spriggan druid closely misses you.
Unknown command.
The spriggan druid closely misses you.
The spriggan druid completely misses you.
The spriggan druid hits you with a quarterstaff!
* * * LOW HITPOINT WARNING * * *
You see here a club.
You open the door.
You start to feel a little faster.
You block the spriggan druid's attack. The alligator completely misses you.
You block the alligator's attack.
Unknown command.
The spriggan druid points at you and mumbles some strange words.
The stone arrow misses you. The alligator bites you!
You die...

#)#........##.......##..#
#'###########.......##..#
#.ss)...#).###########.(+
#ss#.#..#)############..#
#.##.##.#)#....#....##..#
#.......#+#....#..[[##..#
#.##.##.#.+....+..))##...
#..#.#.t#+#....#..))##...
#..sst.i@.#....#..))##...
#########################


You could see an alligator snapping turtle, an alligator, a spriggan druid and 2
redbacks.

Vanquished Creatures
  A death cob (D)
  A minotaur (D)
  A merfolk avatar (D)
  An ogre mage (D)
  An unseen horror (D)
  A swamp dragon (D)
  A lindwurm (D)
  2 phantasmal warriors (D)
  A deep elf mage (D)
  2 orc knights (D)
  A hornet (D)
  A manticore (D)
  An ugly thing (D)
  An elephant (D)
  A cyclops (D)
  2 rust devils (D)
  A black mamba (D)
  A red devil (D)
  A fire drake (D)
  An efreet (D)
  3 hellwings (D)
  A freezing wraith (D)
  A troll (D)
  4 two-headed ogres (D)
  A polar bear (D)
  A snapping turtle (D)
  A wraith (D)
  A ynoxinul (D)
  A spriggan (D)
  A shadow (D)
  Eustachio (D)
  A tarantella (D)
  3 vampire mosquitoes (D)
  A neqoxec (D)
  A mottled dragon (D)
  A soldier ant (D)
  6 wolves (D)
  2 porcupines (D)
  3 orc warriors (D)
  2 wasps (D)
  A necrophage (D)
  3 ogres (D)
  3 orc priests (D)
  A hound (D)
  A jelly (D)
  A gnoll shaman (D)
  Jessica (D)
  2 orc wizards (D)
  A worker ant (D)
  A mummy (D)
  5 gnolls (D)
  2 white imps (D)
  2 giant eyeballs (D)
  2 ufetubi (D)
  An ooze (D)
  An adder skeleton (D)
  2 giant geckos (D)
  7 orcs (D)
  2 bat zombies (D)
  A goblin (D)
  A hobgoblin (D)
  4 jackals (D)
  A quokka (D)
  A ball python (D)
  A giant newt (D)
  A jackal zombie (D)
  A rat (D)
109 creatures vanquished.

Vanquished Creatures (others)
  A goblin (D)
1 creature vanquished.

Grand Total: 110 creatures vanquished

Notes
Turn   | Place    | Note
--------------------------------------------------------------
     0 | D        | Kidiri the Deep Elf Air Elementalist began the quest for the Orb.
     0 | D        | Reached XP level 1. HP: 10/10 MP: 6/6
    56 | D        | Found a sacrificial altar of Ru.
    56 | D        | Found a basalt altar of Yredelemnul.
    56 | D        | Found a shadowy altar of Dithmenos.
    56 | D        | Found a deep blue altar of Sif Muna.
    56 | D        | Found a burning altar of Makhleb.
    56 | D        | Found a shimmering altar of Xom.
    56 | D        | Found an ancient bone altar of Kikubaaqudgha.
    56 | D        | Found a sparkling altar of Nemelex Xobeh.
    57 | D        | Found a glowing golden altar of the Shining One.
    57 | D        | Found a bloodstained altar of Trog.
    57 | D        | Found a shattered altar of Ashenzari.
    57 | D        | Found a white marble altar of Elyvilon.
    57 | D        | Found a snail-covered altar of Cheibriados.
    57 | D        | Found a blossoming altar of Fedhas.
    57 | D        | Found a radiant altar of Vehumet.
    57 | D        | Found a glowing silver altar of Zin.
    57 | D        | Found a corrupted altar of Lugonu.
    57 | D        | Found a viscous altar of Jiyva.
    57 | D        | Found a roughly hewn altar of Beogh.
    57 | D        | Found an iron altar of Okawaru.
    58 | D        | Found an oddly glowing altar of Pakellas.
    63 | D        | Found a stormy altar of Qazlal.
    63 | D        | Found an opulent altar of Gozag.
    65 | D        | Became a worshipper of Vehumet
    84 | D        | Reached skill level 4 in Spellcasting
    84 | D        | Reached XP level 2. HP: 13/15 MP: 1/9
   157 | D        | Learned a level 2 spell: Repel Missiles
   160 | D        | Learned a level 2 spell: Swiftness
   166 | D        | Reached * piety under Vehumet
   166 | D        | Offered knowledge of Magic Dart by Vehumet.
   166 | D        | Reached skill level 1 in Charms
   331 | D        | Reached ** piety under Vehumet
   331 | D        | Offered knowledge of Sandblast by Vehumet.
   331 | D        | Reached skill level 5 in Spellcasting
   331 | D        | Reached XP level 3. HP: 19/19 MP: 6/11
   372 | D        | Learned a level 3 spell: Static Discharge
   403 | D        | Reached *** piety under Vehumet
   403 | D        | Reached skill level 5 in Air Magic
   500 | D        | Noticed Jessica
   506 | D        | Offered knowledge of Conjure Flame by Vehumet.
   509 | D        | Reached skill level 6 in Spellcasting
   509 | D        | Reached XP level 4. HP: 24/24 MP: 9/14
   514 | D        | Learned a level 3 spell: Conjure Flame
   655 | D        | Offered knowledge of Airstrike by Vehumet.
   656 | D        | Killed Jessica
   656 | D        | Reached **** piety under Vehumet
   662 | D        | Learned a level 4 spell: Airstrike
   662 | D        | Offered knowledge of Bolt of Draining by Vehumet.
   662 | D        | Reached skill level 1 in Fire Magic
   664 | D        | Reached skill level 5 in Stealth
   664 | D        | Reached skill level 7 in Spellcasting
   665 | D        | Noticed a porcupine
   666 | D        | Noticed a necrophage
   685 | D        | Killed a porcupine
   685 | D        | Reached skill level 5 in Dodging
   685 | D        | Reached skill level 8 in Spellcasting
   685 | D        | Reached skill level 5 in Charms
   685 | D        | Reached XP level 5. HP: 28/28 MP: 3/17
   707 | D        | Killed a necrophage
   707 | D        | Reached XP level 6. HP: 17/30 MP: 2/19
   921 | D        | Reached skill level 9 in Spellcasting
   921 | D        | Reached skill level 5 in Conjurations
   928 | D        | Reached ***** piety under Vehumet
   928 | D        | Offered knowledge of Olgreb's Toxic Radiance by Vehumet.
   935 | D        | Learned a level 5 spell: Lightning Bolt
  1006 | D        | Noticed a hellwing
  1035 | D        | Killed a hellwing
  1035 | D        | Reached skill level 10 in Spellcasting
  1035 | D        | Reached XP level 7. HP: 33/36 MP: 16/22
  1167 | D        | Offered knowledge of Fireball by Vehumet.
  1174 | D        | Learned a level 5 spell: Fireball
  1292 | D        | Noticed a phantasmal warrior
  1318 | D        | Reached skill level 5 in Fire Magic
  1318 | D        | Killed a phantasmal warrior
  1318 | D        | Reached skill level 11 in Spellcasting
  1318 | D        | Reached XP level 8. HP: 27/41 MP: 14/25
  1498 | D        | Got the +2 rapier "Caveokos" {flame, Str+5}
  1570 | D        | Noticed a snapping turtle
  1728 | D        | Killed a snapping turtle
  1728 | D        | Reached skill level 12 in Spellcasting
  1728 | D        | Reached skill level 10 in Air Magic
  1877 | D        | Noticed a red devil
  1887 | D        | Killed a red devil
  1887 | D        | Reached ****** piety under Vehumet
  1887 | D        | Reached XP level 9. HP: 31/45 MP: 7/27
  2010 | D        | Noticed a hellwing
  2023 | D        | Killed a hellwing
  2115 | D        | Offered knowledge of Poisonous Cloud by Vehumet.
  2115 | D        | Reached skill level 1 in Armour
  2115 | D        | Reached skill level 1 in Shields
  2123 | D        | Learned a level 6 spell: Poisonous Cloud
  2141 | D        | Noticed an elephant
  2147 | D        | Killed an elephant
  2147 | D        | Reached skill level 13 in Spellcasting
  2147 | D        | Reached skill level 10 in Charms
  2147 | D        | Reached skill level 1 in Poison Magic
  2158 | D        | Noticed a lindwurm
  2184 | D        | Reached skill level 10 in Stealth
  2185 | D        | Offered knowledge of Bolt of Fire by Vehumet.
  2361 | D        | Killed a lindwurm
  2361 | D        | Reached skill level 10 in Dodging
  2440 | D        | Reached XP level 10. HP: 36/50 MP: 13/29
  2452 | D        | Offered knowledge of Bolt of Cold by Vehumet.
  2452 | D        | Reached skill level 14 in Spellcasting
  2485 | D        | Noticed a cyclops
  2602 | D        | Noticed a manticore
  2607 | D        | Killed a manticore
  2616 | D        | Killed a cyclops
  2716 | D        | Noticed an ogre mage
  2718 | D        | Killed an ogre mage
  2718 | D        | Reached skill level 10 in Conjurations
  2761 | D        | Offered knowledge of Orb of Destruction by Vehumet.
  2770 | D        | Learned a level 7 spell: Orb of Destruction
  3012 | D        | Killed an unseen horror
  3012 | D        | Reached skill level 15 in Spellcasting
  3012 | D        | Reached skill level 5 in Poison Magic
  3182 | D        | Noticed Eustachio
  3187 | D        | Noticed a black mamba
  3190 | D        | Offered knowledge of Freezing Cloud by Vehumet.
  3190 | D        | Killed Eustachio
  3190 | D        | Reached XP level 11. HP: 54/54 MP: 8/32
  3194 | D        | Paralysed by a giant eyeball for 4 turns
  3799 | D        | Noticed a phantasmal warrior
  3799 | D        | Noticed a minotaur
  3805 | D        | Killed a phantasmal warrior
  3811 | D        | Killed a minotaur
  3941 | D        | Noticed a merfolk avatar
  3951 | D        | Killed a merfolk avatar
  4062 | D        | Offered knowledge of Fire Storm by Vehumet.
  4062 | D        | Offered knowledge of Chain Lightning by Vehumet.
  4062 | D        | Offered knowledge of Tornado by Vehumet.
  4062 | D        | Reached skill level 16 in Spellcasting
  4132 | D        | Noticed a white ugly thing
  4137 | D        | Killed a white ugly thing
  4208 | D        | Gained mutation: You have a pair of small antennae on your head. [a neqoxec]
  4349 | D        | Noticed a swamp dragon
  4359 | D        | Killed a swamp dragon
  4686 | D        | Noticed an orc knight
  4691 | D        | Reached skill level 5 in Armour
  4691 | D        | Reached skill level 5 in Shields
  4692 | D        | Noticed a death cob
  4692 | D        | Noticed an orc knight
  4693 | D        | Killed an orc knight
  4694 | D        | Noticed a deep elf mage
  4695 | D        | Killed a deep elf mage
  4695 | D        | Killed a death cob
  4695 | D        | Reached skill level 10 in Fire Magic
  4695 | D        | Reached XP level 12. HP: 59/59 MP: 5/34
  4813 | D        | Noticed an alligator snapping turtle
  4818 | D        | Reached skill level 17 in Spellcasting
  4859 | D        | Noticed a death cob
  4872 | D        | Noticed an anaconda
  4926 | D        | Noticed an alligator
  4937 | D        | Slain by an alligator

Vault maps used:
D:        pitsprint

Action                   |  1- 3 |  4- 6 |  7- 9 | 10-12 || total
-------------------------+-------+-------+-------+-------++-------
Melee: Dagger            |       |     9 |       |       ||     9
       Rapier            |       |       |     5 |    50 ||    55
 Cast: Shock             |    28 |    29 |    15 |    29 ||   101
       Repel Missiles    |     1 |       |       |       ||     1
       Conjure Flame     |       |     2 |     5 |     4 ||    11
       Swiftness         |       |     2 |     2 |     3 ||     7
       Lightning Bolt    |       |     2 |    24 |    39 ||    65
       Airstrike         |       |     1 |     8 |    37 ||    46
       Fireball          |       |       |     7 |     9 ||    16
       Poisonous Cloud   |       |       |     2 |    10 ||    12
       Orb of Destructio |       |       |       |     2 ||     2
  Use: Potion            |       |     6 |     5 |    13 ||    24
       Scroll            |       |       |       |     9 ||     9
  Eat: Bread ration      |       |       |     2 |     1 ||     3
       Chunk             |       |       |     1 |       ||     1
       Meat ration       |       |       |       |     2 ||     2
